 Dungeon Crawl Stone Soup version 0.25-a0-426-g7d9e569 (webtiles) character file.

Game seed: 2504961088686582858, levelgen mode: deterministic

34 BlueFish the Insei (level 3, -4/23 HPs)
             Began as an Octopode Transmuter on Jan 24, 2020.
             Slain by an orc warrior
             ... wielding a +0 glaive
              (23 damage)
             ... on level 2 of the Dungeon.
             The game lasted 00:02:40 (1338 turns).

BlueFish the Insei (Octopode Transmuter)            Turns: 1338, Time: 00:02:40

Health: -4/23      AC:  1    Str: 10    XL:     3   Next: 31%
Magic:  2/6        EV: 13    Int: 15    God:
Gold:   134        SH:  0    Dex: 12    Spells: 0/6 levels left

rFire    + . .     SeeInvis +     - Unarmed
rCold    . . .     Gourm    .   (no shield)
rNeg     . . .     Faith    .   (helmet restricted)
rPois    .         Spirit   .   (no amulet)
rElec    .         Reflect  .   g - ring of protection from fire
rCorr    .         Harm     .   i - ring of see invisible
MR       .....                  (no ring)
Stlth    +++.......             (no ring)
HPRegen  0.07/turn              (no ring)
MPRegen  0.10/turn              (no ring)
                                (no ring)
                                (no ring)

@: appendage (expiring), very slightly contaminated
A: almost no armour, stealthy swim, amphibious, 8 rings, constrict 8, tentacle
spike 3, camouflage 1, gelatinous body 1
a: End Transformation


You were on level 2 of the Dungeon.
You were hungry.
One of your tentacles had a temporary spike.
You visited 1 branch of the dungeon, and saw 2 of its levels.

You collected 134 gold pieces.

Inventory:

Missiles
 a - 12 arrows
Jewellery
 g - a ring of protection from fire (left tentacle)
 i - a ring of see invisible (right tentacle)
Scrolls
 b - a scroll of remove curse
Potions
 e - a potion of haste
 k - a potion of mutation {unknown}
Comestibles
 c - 6 rations


   Skills:
 * Level 1.3 Fighting
 + Level 2.1 Dodging
 + Level 1.2 Stealth
 + Level 3.6 Unarmed Combat
 + Level 2.1 Spellcasting
 + Level 2.2 Transmutations
 * Level 0.2 Poison Magic


You couldn't memorise any spells.
You knew the following spells:

 Your Spells              Type           Power        Failure   Level  Hunger
a - Beastly Appendage     Tmut           #.....       9%          1    #......
b - Sticks to Snakes      Tmut           #.......     13%         2    ###....
c - Spider Form           Tmut/Pois      #.........   36%         3    ###....

Your spell library contained the following spells:

 Spells                   Type           Power        Failure   Level  Hunger
 Ice Form                 Ice/Tmut       #.......     80%         4    #####..
 Blade Hands              Tmut           #.........   94%         5    ######.


Dungeon Overview and Level Annotations

Branches:
Dungeon (2/15)

Altars:


Innate Abilities, Weirdness & Mutations

You cannot wear most types of armour.
You are very stealthy in the water. (Stealth+)
You are amphibious.
You can wear up to eight rings at the same time.
You can use your tentacles to constrict eight enemies at once.
Your skin changes colour to match your surroundings (Stealth+).
Your rubbery body absorbs attacks. (AC +1, EV +1)
One of your tentacles bears a large vicious spike.


Message History

The orc warrior hits you but does no damage.
Things that are here:
a +0 scale mail; a hobgoblin corpse You miss the orc wizard.
The orc wizard shouts!
Your grab misses the orc wizard.
Your tentacle spike misses the orc wizard.
The orc warrior misses you. The orc wizard completely misses you.
You tentacle-slap the orc wizard. You grab the orc wizard.
The orc wizard is moderately wounded.
You constrict the orc wizard.
The orc wizard hits you but does no damage.
You tentacle-slap the orc wizard but do no damage.
You squeeze the orc wizard.
The orc wizard is severely wounded.
Your transformation is almost over.
You constrict the orc wizard.
The orc warrior hits you with a +0 glaive!!
Ouch! That really hurt!
You die...

..).oo....... .....
..####.....(# ...# #(#
......####..# #.#
.!.......... #g#
.......#.#.#
#.####....o.†o.#.#
.....+......##.#.###.#
#.)..#......##.oo....#
#..#.#.... ####@#####
##...#... #.......#
#g#.#.. #.......##
##.#.## #........#
#....## #......<##
......# #........#
......# #..........
......# #.......####
......# #.......#


You could see an orc warrior and 2 orc wizards.

Vanquished Creatures
  A dart slug (D:1)
  An orc (D:2)
  4 bats
  6 giant cockroaches
  3 goblins
  6 hobgoblins
  2 kobolds
  A ball python (D:2)
  A frilled lizard (D:2)
  2 rats (D:1)
27 creatures vanquished.

Vanquished Creatures (others)
  5 toadstools (D:1)
5 creatures vanquished.

Grand Total: 32 creatures vanquished

Notes
Turn   | Place    | Note
-------+----------+-------------------------------------------
     0 | D:1      | BlueFish the Octopode Transmuter began the quest for the
                  | Orb.
     0 | D:1      | Reached XP level 1. HP: 13/13 MP: 3/3
   232 | D:1      | Reached XP level 2. HP: 18/18 MP: 5/5
   236 | D:1      | Learned a level 2 spell: Sticks to Snakes
   976 | D:2      | Reached XP level 3. HP: 15/23 MP: 4/6
   981 | D:2      | Learned a level 3 spell: Spider Form
  1086 | D:2      | Reached skill level 1 in Stealth
  1164 | D:2      | Noticed an orc warrior
  1338 | D:2      | Slain by an orc warrior

Levels and vault maps discovered:
D:1:      ldierk_walled_garden, layout_basic, chequers_serial_rivers_large_b
D:2:      minmay_diamond_boxcup, layout_basic, minitemple

Skill      XL: |  1  2  3 |
---------------+----------+-----
Stealth        | 1 |  1.2
Fighting       | |  1.3
Dodging        | |  2.1
Unarmed Combat | |  3.6
Spellcasting   | |  2.1
Transmutations | |  2.2
Poison Magic   | |  0.2

Action                   || total
-------------------------++-------
Melee: Unarmed           ||    65
       Constrict         ||    21
       Tentacles         ||     9
       Kick              ||     5
       Punch             ||     1
 Cast: Beastly Appendage ||     4
       Spider Form       ||     1
  Use: Scroll            ||     5
 Stab: Sleeping          ||     6
  Eat: Chunk             ||     1
Armor: Skin              ||     6
Dodge: Dodged            ||    52

Table legend:
 A = Non-vault XP
 B = Vault XP
 C = Vault XP percentage of total XP
 D = Non-vault monster count
 E = Vault monster count
 F = Vault count percentage of total count
                 A         B        C        D         E       F
            +---------+---------+-------+---------+---------+-------
      Total |      49 |       0 |   0.0 |      27 |       0 |   0.0
            +---------+---------+-------+---------+---------+-------
        D:1 |      26 |       0 |   0.0 |      14 |       0 |   0.0
        D:2 |      23 |       0 |   0.0 |      13 |       0 |   0.0
            +---------+---------+-------+---------+---------+-------
